[ AOE2 MATCH · #469448134 ]
UnrankedMagyars vs Mongols
[ REPLAY ANALYSIS · EXTRACTED FROM THE RECORDED GAME ]
Feudal
11:24
Castle
17:18
Imperial
30:38
| APM avg | 23.0 |
| APM peak | 49 |
| eAPM avg | 14.4 |
| Villagers / military | 106 / 464 |
Focus
⚔️ 32.0% · 🌾 68.0%
Skirmisher ×210 · Magyar Huszar ×197 · Cavalry Archer ×55 · Trebuchet (Packed) ×2
Feudal
10:37
Castle
14:09
Imperial
31:53
| APM avg | 59.0 |
| APM peak | 134 |
| eAPM avg | 35.2 |
| Villagers / military | 169 / 361 |
Focus
⚔️ 32.4% · 🌾 67.6%
Scout Cavalry ×219 · Mangudai ×111 · Mangonel ×19 · Trebuchet (Packed) ×10 · Trade Cart ×9 · Monk ×1
Feudal
11:33
Castle
15:20
Imperial
26:52
| APM avg | 38.6 |
| APM peak | 97 |
| eAPM avg | 18.0 |
| Villagers / military | 146 / 472 |
Focus
⚔️ 37.0% · 🌾 63.0%
Knight ×159 · Skirmisher ×158 · Scout Cavalry ×122 · Conquistador ×23 · Battering Ram ×8 · Trebuchet (Packed) ×2
Feudal
11:15
Castle
14:56
Imperial
41:28
| APM avg | 26.7 |
| APM peak | 52 |
| eAPM avg | 16.9 |
| Villagers / military | 139 / 137 |
Focus
⚔️ 32.0% · 🌾 68.0%
Cavalry Archer ×79 · Konnik ×49 · Trebuchet (Packed) ×5 · Militia ×2 · Scout Cavalry ×2
Match map
Initial resources + every placement click. Lines = walls · curves = elevation contours. ◆ gold · ⬟ stone · ● berries · ✦ relic · ◌ wall gap
Your base· ✓ Closed at 17:18 · 0t walls · 2 gate(s)
download's base· ✓ Closed at 14:09 · 0t walls · 3 gate(s)
Santi's base· ✓ Closed at 15:20 · 0t walls · 3 gate(s)
Janitor's base· ✓ Closed at 14:56 · 0t walls · 2 gate(s)
Smoothed initial terrain · ◌ = detected wall gap · hover for details
Inputs per minute
— Aphelink - - download
Build order — Aphelink
First 150 of 377 actions detected
| 0:01 | Create | Villager (Male) |
| 0:01 | Create | Villager (Male) |
| 0:03 | Build | House |
| 0:04 | Build | House |
| 0:09 | Create | Villager (Male) |
| 0:32 | Create | Villager (Male) |
| 1:40 | Create | Villager (Male) |
| 1:47 | Build | Lumber Camp |
| 2:06 | Create | Villager (Male) |
| 2:22 | Create | Villager (Male) |
| 2:50 | Create | Villager (Male) |
| 3:00 | Create | Villager (Male) |
| 3:12 | Build | House |
| 3:39 | Create | Villager (Male) |
| 4:05 | Build | Mill |
| 4:11 | Create | Villager (Male) |
| 4:21 | Build | House |
| 4:30 | Create | Villager (Male) |
| 5:01 | Create | Villager (Male) |
| 5:22 | Create | Villager (Male) |
| 5:48 | Create | Villager (Male) |
| 6:05 | Create | Villager (Male) |
| 6:32 | Create | Villager (Male) |
| 6:52 | Create | Villager (Male) |
| 7:20 | Build | Mining Camp |
| 7:24 | Create | Villager (Male) |
| 7:38 | Build | House |
| 7:42 | Create | Villager (Male) |
| 8:23 | Create | Villager (Male) |
| 8:40 | Create | Villager (Male) |
| 9:14 | Research | Feudal Age |
| 9:18 | Build | Mining Camp |
| 10:17 | Build | House |
| 10:38 | Create | Villager (Male) |
| 10:38 | Create | Villager (Male) |
| 10:41 | Build | House |
| 11:24 | Age | Feudal Age |
| 11:26 | Build | Market |
| 11:29 | Build | Blacksmith |
| 11:41 | Research | Double-Bit Axe |
| 12:26 | Create | Villager (Male) |
| 12:26 | Create | Villager (Male) |
| 12:29 | Build | Farm |
| 12:30 | Build | Farm |
| 12:31 | Build | Farm |
| 12:35 | Build | Farm |
| 12:35 | Build | Farm |
| 12:36 | Build | Farm |
| 12:53 | Research | Loom |
| 12:56 | Build | Farm |
| 13:04 | Build | Farm |
| 13:17 | Build | Farm |
| 13:19 | Build | Farm |
| 13:41 | Build | Farm |
| 13:44 | Create | Villager (Male) |
| 14:04 | Create | Villager (Male) |
| 14:14 | Build | Farm |
| 14:38 | Research | Castle Age |
| 14:41 | Build | Farm |
| 15:31 | Research | Horse Collar |
| 16:39 | Create | Villager (Male) |
| 16:39 | Create | Villager (Male) |
| 16:57 | Create | Villager (Male) |
| 16:57 | Create | Villager (Male) |
| 17:18 | Age | Castle Age |
| 17:29 | Build | Castle |
| 17:37 | Create | Villager (Male) |
| 17:37 | Create | Villager (Male) |
| 17:45 | Create | Villager (Male) |
| 17:57 | Build | Town Center |
| 18:08 | Build | Town Center |
| 18:53 | Build | Mining Camp |
| 19:13 | Build | Farm |
| 19:16 | Research | Bow Saw |
| 19:25 | Create | Villager (Male) |
| 19:49 | Create | Villager (Male) |
| 19:50 | Create | Villager (Male) |
| 19:50 | Create | Villager (Male) |
| 19:50 | Create | Villager (Male) |
| 19:50 | Create | Villager (Male) |
| 19:52 | Create | Villager (Male) |
| 19:53 | Create | Villager (Male) |
| 19:53 | Create | Villager (Male) |
| 20:18 | Build | Farm |
| 20:42 | Build | Farm |
| 20:43 | Research | Heavy Plow |
| 20:47 | Create | Villager (Male) |
| 20:51 | Create | Villager (Male) |
| 21:21 | Build | Farm |
| 21:23 | Create | Villager (Male) |
| 21:25 | Create | Villager (Male) |
| 21:27 | Create | Villager (Male) |
| 21:32 | Create | Villager (Male) |
| 21:41 | Build | Farm |
| 21:42 | Build | Farm |
| 21:43 | Build | Farm |
| 21:46 | Build | Farm |
| 21:49 | Create | Villager (Male) |
| 21:49 | Create | Villager (Male) |
| 22:01 | Create | Villager (Male) |
| 22:12 | Build | Farm |
| 22:14 | Create | Villager (Male) |
| 22:20 | Create | Villager (Male) |
| 22:22 | Build | Farm |
| 22:32 | Build | Farm |
| 22:42 | Create | Villager (Male) |
| 22:43 | Create | Villager (Male) |
| 22:45 | Create | Villager (Male) |
| 22:51 | Build | Farm |
| 22:58 | Create | Villager (Male) |
| 23:00 | Create | Villager (Male) |
| 23:03 | Build | Farm |
| 23:06 | Build | Farm |
| 23:14 | Build | Farm |
| 23:32 | Create | Villager (Male) |
| 23:36 | Build | Farm |
| 23:41 | Create | Villager (Male) |
| 23:43 | Build | Farm |
| 23:49 | Create | Villager (Male) |
| 23:49 | Create | Villager (Male) |
| 23:59 | Build | Farm |
| 24:05 | Research | Wheelbarrow |
| 24:07 | Create | Villager (Male) |
| 24:07 | Create | Villager (Male) |
| 24:08 | Create | Villager (Male) |
| 24:31 | Create | Villager (Male) |
| 24:33 | Create | Villager (Male) |
| 24:34 | Create | Villager (Male) |
| 24:38 | Build | House |
| 24:40 | Build | House |
| 24:40 | Build | House |
| 24:41 | Build | House |
| 24:42 | Build | House |
| 24:43 | Build | House |
| 24:44 | Build | House |
| 24:45 | Build | House |
| 24:46 | Build | House |
| 24:47 | Build | House |
| 24:57 | Build | Farm |
| 25:04 | Create | Villager (Male) |
| 25:05 | Create | Villager (Male) |
| 25:05 | Create | Villager (Male) |
| 25:20 | Create | Villager (Male) |
| 25:20 | Create | Villager (Male) |
| 25:32 | Research | Hand Cart |
| 25:35 | Create | Villager (Male) |
| 25:49 | Build | House |
| 25:50 | Build | House |
| 25:51 | Build | House |
| 25:52 | Build | House |
Build order — download
First 150 of 745 actions detected
| 0:00 | Create | Villager (Male) |
| 0:01 | Create | Villager (Male) |
| 0:01 | Create | Villager (Male) |
| 0:02 | Build | House |
| 0:05 | Build | House |
| 0:06 | Create | Villager (Male) |
| 0:06 | Create | Villager (Male) |
| 1:29 | Create | Villager (Male) |
| 1:29 | Create | Villager (Male) |
| 1:45 | Build | Lumber Camp |
| 2:12 | Create | Villager (Male) |
| 2:12 | Create | Villager (Male) |
| 2:12 | Create | Villager (Male) |
| 2:12 | Create | Villager (Male) |
| 3:04 | Create | Villager (Male) |
| 3:05 | Create | Villager (Male) |
| 3:24 | Create | Villager (Male) |
| 3:40 | Build | House |
| 3:42 | Create | Villager (Male) |
| 3:50 | Create | Villager (Male) |
| 4:00 | Build | Mill |
| 5:03 | Create | Villager (Male) |
| 5:22 | Create | Villager (Male) |
| 5:22 | Create | Villager (Male) |
| 5:22 | Create | Villager (Male) |
| 5:42 | Build | House |
| 6:29 | Build | Farm |
| 6:36 | Create | Villager (Male) |
| 6:38 | Create | Villager (Male) |
| 6:38 | Create | Villager (Male) |
| 7:06 | Build | Farm |
| 7:42 | Build | Mining Camp |
| 8:01 | Create | Villager (Male) |
| 8:06 | Research | Feudal Age |
| 8:16 | Build | Farm |
| 8:45 | Build | House |
| 8:50 | Build | Farm |
| 9:01 | Create | Villager (Male) |
| 9:01 | Create | Villager (Male) |
| 10:37 | Age | Feudal Age |
| 10:39 | Build | Market |
| 10:40 | Research | Horse Collar |
| 10:45 | Build | Blacksmith |
| 10:48 | Build | Blacksmith |
| 11:23 | Research | Double-Bit Axe |
| 11:29 | Research | Castle Age |
| 11:29 | Research | Castle Age |
| 11:36 | Research | Horse Collar |
| 11:50 | Build | Farm |
| 12:45 | Create | Villager (Male) |
| 12:45 | Research | Loom |
| 13:44 | Build | Farm |
| 14:09 | Age | Castle Age |
| 14:10 | Build | Town Center |
| 14:12 | Build | Town Center |
| 14:20 | Research | Bow Saw |
| 14:23 | Create | Villager (Male) |
| 14:42 | Build | Farm |
| 15:12 | Create | Villager (Male) |
| 15:30 | Build | House |
| 15:31 | Build | House |
| 15:32 | Build | House |
| 15:33 | Create | Villager (Male) |
| 15:37 | Build | Farm |
| 15:39 | Build | Farm |
| 15:43 | Create | Villager (Male) |
| 15:44 | Create | Villager (Male) |
| 15:44 | Create | Villager (Male) |
| 15:45 | Create | Villager (Male) |
| 15:45 | Create | Villager (Male) |
| 15:47 | Build | Farm |
| 15:56 | Create | Villager (Male) |
| 15:56 | Create | Villager (Male) |
| 16:01 | Build | Farm |
| 16:02 | Create | Villager (Male) |
| 16:11 | Build | Farm |
| 16:34 | Create | Villager (Male) |
| 16:38 | Build | Farm |
| 16:41 | Build | Farm |
| 16:44 | Build | Farm |
| 16:53 | Create | Villager (Male) |
| 16:53 | Create | Villager (Male) |
| 17:00 | Build | Farm |
| 17:05 | Build | House |
| 17:06 | Build | House |
| 17:07 | Create | Villager (Male) |
| 17:09 | Build | Farm |
| 17:13 | Create | Villager (Male) |
| 17:13 | Create | Villager (Male) |
| 17:17 | Build | Farm |
| 17:19 | Create | Villager (Male) |
| 17:28 | Build | Farm |
| 17:34 | Create | Villager (Male) |
| 17:37 | Build | Farm |
| 17:44 | Build | Farm |
| 17:45 | Create | Villager (Male) |
| 17:45 | Create | Villager (Male) |
| 17:45 | Create | Villager (Male) |
| 17:55 | Build | Farm |
| 17:59 | Build | Farm |
| 18:01 | Create | Villager (Male) |
| 18:01 | Create | Villager (Male) |
| 18:09 | Create | Villager (Male) |
| 18:09 | Create | Villager (Male) |
| 18:15 | Build | Farm |
| 18:16 | Create | Villager (Male) |
| 18:20 | Build | Farm |
| 18:26 | Build | House |
| 18:27 | Build | House |
| 18:37 | Build | Mining Camp |
| 18:40 | Create | Villager (Male) |
| 18:40 | Create | Villager (Male) |
| 18:44 | Build | Farm |
| 18:46 | Create | Villager (Male) |
| 18:46 | Create | Villager (Male) |
| 18:47 | Create | Villager (Male) |
| 18:50 | Build | Farm |
| 18:52 | Create | Villager (Male) |
| 18:58 | Build | Farm |
| 19:07 | Create | Villager (Male) |
| 19:07 | Create | Villager (Male) |
| 19:08 | Create | Villager (Male) |
| 19:10 | Build | Farm |
| 19:12 | Create | Villager (Male) |
| 19:17 | Build | Farm |
| 19:19 | Create | Villager (Male) |
| 19:19 | Create | Villager (Male) |
| 19:31 | Create | Villager (Male) |
| 19:32 | Create | Villager (Male) |
| 19:41 | Build | Farm |
| 19:44 | Build | Farm |
| 19:46 | Build | Farm |
| 19:47 | Create | Villager (Male) |
| 19:47 | Create | Villager (Male) |
| 19:47 | Create | Villager (Male) |
| 19:53 | Build | Farm |
| 19:59 | Create | Villager (Male) |
| 19:59 | Create | Villager (Male) |
| 20:00 | Create | Villager (Male) |
| 20:09 | Build | Farm |
| 20:10 | Create | Villager (Male) |
| 20:10 | Create | Villager (Male) |
| 20:18 | Create | Villager (Male) |
| 20:19 | Create | Villager (Male) |
| 20:22 | Build | Farm |
| 20:24 | Build | Farm |
| 20:25 | Create | Villager (Male) |
| 20:25 | Create | Villager (Male) |
| 20:33 | Build | House |
| 20:35 | Build | House |
Build order — Santi
First 150 of 514 actions detected
| 0:01 | Create | Villager (Male) |
| 0:02 | Create | Villager (Male) |
| 0:02 | Create | Villager (Male) |
| 0:04 | Build | House |
| 0:06 | Build | House |
| 0:20 | Create | Villager (Male) |
| 0:20 | Create | Villager (Male) |
| 1:24 | Create | Villager (Male) |
| 1:59 | Build | Lumber Camp |
| 2:02 | Create | Villager (Male) |
| 2:03 | Create | Villager (Male) |
| 2:32 | Create | Villager (Male) |
| 2:32 | Create | Villager (Male) |
| 2:33 | Create | Villager (Male) |
| 2:33 | Create | Villager (Male) |
| 3:04 | Build | House |
| 3:07 | Build | House |
| 3:11 | Create | Villager (Male) |
| 3:11 | Create | Villager (Male) |
| 3:41 | Create | Villager (Male) |
| 3:41 | Create | Villager (Male) |
| 3:41 | Create | Villager (Male) |
| 4:16 | Build | House |
| 4:35 | Create | Villager (Male) |
| 4:36 | Create | Villager (Male) |
| 5:05 | Create | Villager (Male) |
| 5:05 | Create | Villager (Male) |
| 5:18 | Create | Villager (Male) |
| 5:19 | Create | Villager (Male) |
| 5:19 | Create | Villager (Male) |
| 5:50 | Build | Mill |
| 6:14 | Create | Villager (Male) |
| 6:14 | Create | Villager (Male) |
| 6:14 | Create | Villager (Male) |
| 6:15 | Create | Villager (Male) |
| 6:15 | Create | Villager (Male) |
| 6:15 | Create | Villager (Male) |
| 6:16 | Create | Villager (Male) |
| 7:16 | Build | Mining Camp |
| 8:04 | Build | Mining Camp |
| 8:33 | Create | Villager (Male) |
| 8:33 | Create | Villager (Male) |
| 8:43 | Build | Farm |
| 8:48 | Build | Farm |
| 8:50 | Build | Farm |
| 9:11 | Research | Feudal Age |
| 9:24 | Build | Farm |
| 9:52 | Create | Villager (Male) |
| 9:52 | Create | Villager (Male) |
| 10:52 | Research | Loom |
| 11:33 | Age | Feudal Age |
| 11:35 | Build | Market |
| 11:38 | Build | Blacksmith |
| 11:47 | Build | Farm |
| 12:02 | Build | Farm |
| 12:07 | Build | Farm |
| 12:40 | Research | Castle Age |
| 13:06 | Research | Double-Bit Axe |
| 13:53 | Build | Farm |
| 14:08 | Build | House |
| 14:27 | Build | Farm |
| 14:36 | Create | Villager (Male) |
| 14:36 | Create | Villager (Male) |
| 15:20 | Age | Castle Age |
| 15:33 | Build | Castle |
| 15:53 | Create | Villager (Male) |
| 15:53 | Create | Villager (Male) |
| 16:12 | Build | Palisade Wall |
| 16:13 | Build | Palisade Wall |
| 16:25 | Build | Palisade Wall |
| 16:31 | Build | Palisade Wall |
| 16:40 | Create | Villager (Male) |
| 17:19 | Build | Siege Workshop |
| 17:23 | Build | Mining Camp |
| 17:25 | Create | Villager (Male) |
| 17:26 | Create | Villager (Male) |
| 17:35 | Build | Farm |
| 17:42 | Create | Conquistador |
| 17:42 | Create | Conquistador |
| 17:42 | Create | Conquistador |
| 18:14 | Create | Battering Ram |
| 18:15 | Create | Battering Ram |
| 18:23 | Create | Villager (Male) |
| 18:24 | Create | Villager (Male) |
| 18:24 | Create | Villager (Male) |
| 18:24 | Create | Villager (Male) |
| 18:37 | Create | Villager (Male) |
| 18:39 | Create | Conquistador |
| 19:05 | Create | Battering Ram |
| 19:05 | Create | Battering Ram |
| 19:19 | Build | Farm |
| 19:55 | Create | Battering Ram |
| 19:55 | Create | Battering Ram |
| 20:05 | Create | Villager (Male) |
| 20:44 | Create | Villager (Male) |
| 20:44 | Create | Villager (Male) |
| 21:01 | Create | Battering Ram |
| 21:31 | Create | Villager (Male) |
| 21:33 | Build | Farm |
| 21:35 | Build | Farm |
| 21:42 | Build | Farm |
| 22:17 | Create | Battering Ram |
| 22:21 | Create | Villager (Male) |
| 22:21 | Create | Villager (Male) |
| 22:33 | Build | Lumber Camp |
| 23:42 | Research | Imperial Age |
| 23:52 | Build | Town Center |
| 24:06 | Research | Fletching |
| 24:18 | Create | Conquistador |
| 24:19 | Create | Conquistador |
| 24:19 | Create | Conquistador |
| 24:19 | Create | Conquistador |
| 24:44 | Build | House |
| 24:45 | Build | House |
| 24:46 | Build | House |
| 25:03 | Create | Conquistador |
| 25:19 | Build | House |
| 25:20 | Build | House |
| 25:21 | Build | House |
| 25:22 | Build | House |
| 25:35 | Create | Conquistador |
| 26:14 | Build | House |
| 26:18 | Build | House |
| 26:20 | Build | House |
| 26:30 | Create | Conquistador |
| 26:30 | Create | Conquistador |
| 26:50 | Create | Villager (Male) |
| 26:50 | Create | Villager (Male) |
| 26:52 | Age | Imperial Age |
| 27:00 | Create | Trebuchet (Packed) |
| 27:35 | Create | Trebuchet (Packed) |
| 27:41 | Create | Villager (Male) |
| 27:42 | Create | Villager (Male) |
| 27:43 | Create | Villager (Male) |
| 27:43 | Create | Villager (Male) |
| 27:43 | Create | Villager (Male) |
| 27:51 | Create | Conquistador |
| 28:07 | Build | Farm |
| 28:07 | Build | Farm |
| 28:07 | Build | Farm |
| 28:07 | Build | Farm |
| 28:10 | Build | Farm |
| 28:14 | Build | Farm |
| 28:17 | Build | Farm |
| 28:19 | Create | Villager (Male) |
| 29:19 | Create | Conquistador |
| 29:19 | Create | Conquistador |
| 29:20 | Create | Conquistador |
| 29:46 | Create | Villager (Male) |
| 29:47 | Create | Villager (Male) |
Build order — Janitor
First 150 of 437 actions detected
| 0:01 | Create | Villager (Male) |
| 0:01 | Create | Villager (Male) |
| 0:01 | Create | Villager (Male) |
| 0:02 | Create | Villager (Male) |
| 0:02 | Create | Villager (Male) |
| 0:05 | Build | House |
| 0:07 | Build | House |
| 0:09 | Build | House |
| 1:42 | Create | Villager (Male) |
| 1:54 | Build | Lumber Camp |
| 2:21 | Create | Villager (Male) |
| 2:21 | Create | Villager (Male) |
| 3:03 | Create | Villager (Male) |
| 3:03 | Create | Villager (Male) |
| 3:22 | Create | Villager (Male) |
| 4:06 | Build | House |
| 4:11 | Build | Mill |
| 4:16 | Create | Villager (Male) |
| 4:17 | Create | Villager (Male) |
| 5:20 | Create | Villager (Male) |
| 5:20 | Create | Villager (Male) |
| 5:20 | Create | Villager (Male) |
| 5:21 | Create | Villager (Male) |
| 5:49 | Create | Villager (Male) |
| 5:58 | Build | House |
| 6:19 | Create | Villager (Male) |
| 6:22 | Research | Loom |
| 6:23 | Create | Villager (Male) |
| 7:05 | Create | Villager (Male) |
| 7:36 | Create | Villager (Male) |
| 8:16 | Research | Loom |
| 8:22 | Build | Mining Camp |
| 8:58 | Research | Feudal Age |
| 9:27 | Create | Villager (Male) |
| 9:27 | Create | Villager (Male) |
| 10:45 | Build | Barracks |
| 11:15 | Age | Feudal Age |
| 11:20 | Build | Market |
| 11:25 | Build | Blacksmith |
| 12:16 | Research | Castle Age |
| 12:34 | Build | Farm |
| 13:05 | Build | Farm |
| 13:09 | Build | Farm |
| 13:16 | Create | Villager (Male) |
| 13:17 | Create | Villager (Male) |
| 13:24 | Research | Double-Bit Axe |
| 13:52 | Create | Villager (Male) |
| 13:53 | Create | Villager (Male) |
| 14:04 | Build | Farm |
| 14:04 | Build | Farm |
| 14:48 | Build | Mining Camp |
| 14:56 | Age | Castle Age |
| 15:01 | Create | Villager (Male) |
| 15:01 | Create | Villager (Male) |
| 15:09 | Build | House |
| 15:10 | Build | House |
| 15:11 | Create | Militia |
| 15:12 | Create | Militia |
| 15:31 | Build | Farm |
| 16:05 | Build | Castle |
| 16:26 | Build | Krepost |
| 16:53 | Build | Castle |
| 17:13 | Create | Villager (Male) |
| 17:13 | Create | Villager (Male) |
| 17:14 | Create | Villager (Male) |
| 17:14 | Create | Villager (Male) |
| 17:18 | Build | Farm |
| 17:18 | Build | Farm |
| 17:48 | Research | Fletching |
| 18:10 | Research | Bodkin Arrow |
| 18:27 | Create | Villager (Male) |
| 18:47 | Build | Town Center |
| 19:00 | Create | Konnik |
| 19:00 | Create | Konnik |
| 19:10 | Create | Villager (Male) |
| 19:10 | Create | Villager (Male) |
| 19:44 | Create | Villager (Male) |
| 19:55 | Create | Villager (Male) |
| 20:24 | Create | Villager (Male) |
| 20:31 | Research | Scale Barding Armor |
| 20:38 | Build | Stable |
| 20:59 | Create | Villager (Male) |
| 20:59 | Create | Villager (Male) |
| 21:08 | Build | Town Center |
| 21:13 | Create | Villager (Male) |
| 21:13 | Create | Villager (Male) |
| 21:17 | Build | Farm |
| 21:32 | Create | Villager (Male) |
| 21:42 | Build | Farm |
| 21:44 | Create | Villager (Male) |
| 22:07 | Build | Krepost |
| 22:11 | Create | Villager (Male) |
| 22:11 | Create | Villager (Male) |
| 22:14 | Build | Farm |
| 22:39 | Create | Konnik |
| 22:39 | Create | Konnik |
| 22:53 | Build | Farm |
| 22:53 | Build | Farm |
| 23:22 | Create | Konnik |
| 23:22 | Create | Konnik |
| 23:29 | Build | Farm |
| 23:29 | Build | Farm |
| 23:32 | Build | Farm |
| 23:32 | Build | Farm |
| 23:32 | Build | Farm |
| 23:50 | Create | Konnik |
| 23:50 | Create | Konnik |
| 24:22 | Create | Konnik |
| 24:22 | Create | Konnik |
| 24:51 | Create | Villager (Male) |
| 24:52 | Create | Villager (Male) |
| 24:52 | Create | Villager (Male) |
| 24:57 | Build | Farm |
| 24:58 | Build | Farm |
| 24:58 | Build | Farm |
| 25:01 | Build | Farm |
| 25:16 | Create | Konnik |
| 25:16 | Create | Konnik |
| 25:23 | Create | Villager (Male) |
| 25:44 | Create | Villager (Male) |
| 25:45 | Create | Villager (Male) |
| 26:00 | Build | Farm |
| 26:00 | Build | Farm |
| 26:00 | Build | Farm |
| 26:11 | Create | Villager (Male) |
| 26:11 | Create | Villager (Male) |
| 26:23 | Build | Farm |
| 26:23 | Build | Farm |
| 26:27 | Research | Horse Collar |
| 26:39 | Research | Bow Saw |
| 26:46 | Create | Villager (Male) |
| 27:05 | Create | Villager (Male) |
| 27:05 | Create | Villager (Male) |
| 27:05 | Create | Villager (Male) |
| 27:23 | Create | Villager (Male) |
| 27:24 | Create | Villager (Male) |
| 27:36 | Create | Villager (Male) |
| 27:36 | Create | Villager (Male) |
| 27:44 | Create | Villager (Male) |
| 27:48 | Build | Farm |
| 27:55 | Build | Farm |
| 27:55 | Build | Farm |
| 28:00 | Build | Farm |
| 28:01 | Build | Farm |
| 28:02 | Create | Villager (Male) |
| 28:02 | Create | Villager (Male) |
| 28:18 | Create | Villager (Male) |
| 28:18 | Create | Villager (Male) |
| 28:20 | Create | Villager (Male) |
| 28:23 | Build | Farm |
Match timeline
| 10:37 | download · age_up feudal |
| 10:45 | Janitor · first_building Barracks |
| 11:15 | Janitor · age_up feudal |
| 11:24 | Aphelink · age_up feudal |
| 11:33 | Santi · age_up feudal |
| 12:11 | Janitor · first_market_sell 100 stone |
| 12:28 | Santi · first_market_sell 100 wood |
| 12:32 | Santi · first_market_buy 100 food |
| 14:09 | download · age_up castle |
| 14:56 | Janitor · age_up castle |
| 15:20 | Santi · age_up castle |
| 15:33 | Santi · first_building Castle |
| 16:05 | Janitor · first_building Castle |
| 16:12 | Santi · wall_segment Palisade Wall x1 |
| 16:13 | Santi · wall_segment Palisade Wall x1 |
| 16:25 | Santi · wall_segment Palisade Wall x1 |
| 16:26 | Janitor · first_building Krepost |
| 16:31 | Santi · wall_segment Palisade Wall x1 |
| 17:18 | Aphelink · age_up castle |
| 17:19 | Santi · first_building Siege Workshop |
| 17:29 | Aphelink · first_building Castle |
| 18:14 | Aphelink · tribute_sent a jugador 2 |
| 18:14 | Aphelink · tribute_sent a jugador 3 |
| 18:14 | Aphelink · tribute_sent a jugador 4 |
| 20:38 | Janitor · first_building Stable |
| 20:53 | download · first_market_buy 100 wood |
| 20:56 | download · first_building Barracks |
| 22:04 | download · first_building Stable |
| 23:22 | download · first_building Castle |
| 24:01 | download · first_market_sell 100 food |
| 24:04 | download · first_building Archery Range |
| 26:32 | Janitor · first_market_buy 100 wood |
| 26:33 | download · first_building Monastery |
| 26:52 | Santi · age_up imperial |
| 28:49 | Aphelink · first_building Barracks |
| 29:15 | download · first_building Siege Workshop |
| 29:31 | Aphelink · first_building Stable |
| 30:38 | Aphelink · age_up imperial |
| 30:58 | Aphelink · first_building Archery Range |
| 31:53 | download · age_up imperial |
| 31:55 | Janitor · first_building Archery Range |
| 33:14 | Janitor · wall_segment Stone Wall x6 |
| 33:17 | Aphelink · first_market_sell 500 wood |
| 34:25 | Santi · first_building Barracks |
| 34:43 | Janitor · wall_segment Stone Wall x4 |
| 35:38 | Santi · first_building Stable |
| 41:28 | Janitor · age_up imperial |
| 42:53 | Janitor · first_building Siege Workshop |
| 44:02 | Janitor · wall_segment Stone Wall x4 |
| 47:12 | Santi · first_building Archery Range |
| 55:49 | Aphelink · resign |
[ AI ANALYSIS · 1 CREDIT ]
What really happened in this match?
Wolo.gg analyzes every decision: build order, eco, micro, common mistakes by bracket. Personalized analysis on WhatsApp or Discord in 30 seconds.
Civ guide
Magyars
Perfil
Jugador #4272913